Griffins vs Rampage

Created - March 5, 2022 at 23:19

Goals
1 2 3 T
Griffins 3 3 1 7
Rampage 1 0 0 1
Shots
1 2 3 T
Griffins 13 12 12 37
Rampage 11 11 20 42

1st period

1. Griffins , Lucas Lessio 19 (Marcus Pettersson 19) at 10:32
2. Griffins , Tyler Pitlick 12 (Patrick Wiercioch 9) at 11:25
3. Rampage , Brendan Lemieux 16 (Petr Straka 5, Jack Roslovic 22) at 14:27
4. Griffins , Riley Armstrong 25 (Adam Gaudette 27, Lucas Lessio 23) at 14:39

Penalties :
No Penalty

2nd period

5. Griffins , Adam Gaudette 16 (Riley Armstrong 28) at 14:44
6. Griffins , Adam Gaudette 17 (Unassisted) at 15:35
7. Griffins , Adam Gaudette 18 (Lucas Lessio 24, Riley Armstrong 29) at 18:57

Penalties :
Jack Roslovic (San) for Charging (Minor) at 0:03, Nikita Nesterov (San) for Roughing (Minor) at 8:09

3rd period

8. Griffins , Adam Gaudette 19 (Riley Armstrong 30) at 16:16 (PP)

Penalties :
Garrett Wilson (Gra) for Hooking (Minor) at 4:59, Dylan Sikura (San) for Hooking (Minor) at 5:06, Brendan Lemieux (San) for Hooking (Minor) at 16:14, Ian McCoshen (Gra) for Interference (Minor) at 19:07, Kevan Miller (San) for Hooking (Minor) at 19:40

Goalie Stats

Olivier Roy (Gra), 41 saves from 42 shots - (0.976), W, 14-10-0, 60:00 minutes
Brandon Halverson (San), 16 saves from 21 shots - (0.762), L, 5-2-0, 35:35 minutes
Elvis Merzlikins (San), 14 saves from 16 shots - (0.875), 24:25 minutes

Players Stats for Griffins

Player Name              G  A  P  +/- PIM S  H  SB GA TA FO     MP     PP MP  PK MP  
------------------------------------------------------------------------------------
Adam Gaudette            4  1  5   5  0   9  2  0  1  1  1/2    18:43   2:09   0:00 
Brendan Woods            0  0  0   0  0   2  1  2  0  0  1/1    19:16   2:29   0:40 
Danny Kristo             0  0  0   0  0   5  1  0  0  0  0/0    16:42   1:51   0:00 
Filip Hronek             0  0  0   1  0   1  0  2  0  0  0/0    10:45   0:00   0:00 
Garrett Wilson           0  0  0   0  2   0  4  0  0  0  0/0    11:50   0:07   0:00 
Greg McKegg              0  0  0   0  0   1  0  1  1  0  1/3    11:04   0:14   0:00 
Ian McCoshen             0  0  0   1  2   1  0  1  0  2  0/0    20:09   0:07   0:07 
Lucas Lessio             1  2  3   5  0   4  1  0  2  0  1/2    19:26   2:12   0:00 
Marcus Pettersson        0  1  1   3  0   1  0  2  0  1  0/0    13:21   2:20   0:00 
Mathew Barzal            0  0  0   0  0   2  3  0  0  0  15/25  16:42   1:51   0:00 
Patrick Wiercioch        0  1  1   5  0   1  1  4  1  0  0/0    21:40   0:00   0:00 
Phil Oreskovic           0  0  0  -1  0   0  3  1  1  2  0/0    19:42   1:38   0:40 
Riley Armstrong          1  3  4   4  0   2  1  1  0  0  24/37  20:27   2:02   0:40 
Ryan Lindgren            0  0  0   0  0   0  0  0  0  0  0/0     5:07   0:04   0:00 
Ryan Pulock              0  0  0   1  0   2  0  0  0  3  0/0    24:27   0:02   0:33 
Sonny Milano             0  0  0   0  0   1  0  1  0  1  0/0    12:43   1:38   0:00 
Troy Terry               0  0  0   0  0   1  2  1  0  0  1/1    10:15   0:00   0:00 
Tyler Pitlick            1  0  1   0  0   3  0  1  0  0  0/1    13:23   1:51   0:00 
Vladislav Namestnikov    0  0  0   0  0   1  1  0  0  0  1/4    11:24   0:00   0:00 

Players Stats for Rampage

Player Name              G  A  P  +/- PIM S  H  SB GA TA FO     MP     PP MP  PK MP  
------------------------------------------------------------------------------------
Adam Clendening          0  0  0  -1  0   1  1  2  2  0  0/0    17:09   0:00   1:57 
Artturi Lehkonen         0  0  0   0  0   1  1  0  0  1  0/0    10:38   0:00   1:12 
Brendan Lemieux          1  0  1  -2  2   7  4  2  0  1  0/0    20:25   0:27   1:55 
Collin Miller            0  0  0  -1  0   2  0  1  0  0  0/0    14:13   0:17   1:59 
Denis Gurianov           0  0  0  -1  0   0  0  0  1  0  1/1    15:47   0:13   0:07 
Dylan Gambrell           0  0  0   0  0   1  1  0  0  0  3/3     9:05   0:00   0:00 
Dylan Sikura             0  0  0   0  2   1  0  0  0  0  0/0     9:59   0:26   0:00 
Ethan Bear               0  0  0  -3  0   1  1  1  2  1  0/0    17:54   0:23   0:30 
Jack Roslovic            0  1  1  -2  2   5  2  1  0  0  13/39  19:30   0:27   1:00 
Jean-Sebastien Dea       0  0  0  -2  0   4  0  0  0  0  4/10   12:50   0:13   0:28 
Jordan Greenway          0  0  0  -2  0   1  0  0  1  0  0/2    13:16   0:00   1:28 
Kevan Miller             0  0  0  -1  2   1  1  1  1  0  0/0    27:22   0:16   0:23 
Mathieu Joseph           0  0  0  -2  0   4  2  0  1  0  0/0    11:27   0:00   0:36 
Nikita Nesterov          0  0  0  -3  2   1  0  2  0  0  0/0    18:28   0:00   1:12 
Petr Straka              0  1  1  -2  0   2  1  1  0  1  3/7    19:17   0:00   0:00 
Ryan Lomberg             0  0  0  -1  0   2  2  0  0  1  1/1    14:45   0:13   0:00 
T.J. Tynan               0  0  0  -1  0   5  3  0  0  0  6/13   16:19   0:00   1:28 
Tony DeAngelo            0  0  0  -1  0   3  1  2  2  1  0/0    25:13   0:23   2:13 

3 Stars

1 - Adam Gaudette (Gra)
2 - Riley Armstrong (Gra)
3 - Lucas Lessio (Gra)

Power Play

Griffins - 1 on 4 Attempt(s) - 25.00%
Rampage - 0 on 3 Attempt(s) - 0.00%

Penalty Kill

Griffins - 3 on 3 Attempt(s) - 100.00% - Score 0 goal in Penalty Kill
Rampage - 3 on 4 Attempt(s) - 75.00% - Score 0 goal in Penalty Kill

Team Stat

Griffins - Hits : 20 - Faceoff Wins : 45 - Blocked Shots : 17 - Penalty Minutes : 4
Rampage - Hits : 20 - Faceoff Wins : 31 - Blocked Shots : 13 - Penalty Minutes : 10

Official

Referees : Jean Hebert and Dean Morton
Linesman : Steve Miller and Bryan Pancich

Game Notes

Marcus Pettersson is injured at 13:27 of 2nd period (Right Hip)
15:35 of 2nd period - Penalty Shot by Adam Gaudette for Griffins - Goal!
Elvis Merzlikins enters game at 15:35 of 2nd period
Adam Gaudette has scored a Hat Trick!

Finance

Level 1 -- Attendance: 2000 (100.00%) -- Ticket Income $70,000
Level 2 -- Attendance: 882 (88.20%) -- Ticket Income $13,230
Total Attendance: 2882 (96.07%)
Total Ticket Income: $83,230
Other Income: $4,162
Total Income: $87,392

Griffins

5 vs 5 Forward 
   Center                   Left Wing                Right Wing               Time % Phy DF OF 
 1 Riley Armstrong          Lucas Lessio             Adam Gaudette            37     1   2  2  
 2 Mathew Barzal            Brendan Woods            Danny Kristo             33     0   2  3  
 3 Vladislav Namestnikov    Sonny Milano             Garrett Wilson           20     0   3  2  
 4 Greg McKegg              Tyler Pitlick            Troy Terry               10     0   3  2  

5 vs 5 Defense 
   Defense                  Defense                                           Time % Phy DF OF 
 1 Marcus Pettersson        Patrick Wiercioch                                 40     1   2  2  
 2 Phil Oreskovic           Ryan Pulock                                       30     1   2  2  
 3 Ian McCoshen             Filip Hronek                                      20     1   2  2  
 4 Ian McCoshen             Ryan Lindgren                                     10     1   2  2  

PowerPlay Forward 
   Center                   Left Wing                Right Wing               Time % Phy DF OF 
 1 Riley Armstrong          Lucas Lessio             Adam Gaudette            55     1   1  3  
 2 Mathew Barzal            Tyler Pitlick            Danny Kristo             45     1   1  3  

PowerPlay Defense
   Defense                  Defense                                           Time % Phy DF OF 
 1 Marcus Pettersson        Brendan Woods                                     55     0   2  3  
 2 Phil Oreskovic           Sonny Milano                                      45     0   2  3  

Penalty Kill 4 Players Forward 
   Center                   Wing                     Time % Phy DF OF 
 1 Riley Armstrong          Brendan Woods            60     1   2  2  
 2 Vladislav Namestnikov    Danny Kristo             40     1   2  2  

Penalty Kill 4 Players Defense
   Defense                  Defense                  Time % Phy DF OF 
 1 Ian McCoshen             Phil Oreskovic           60     1   2  2  
 2 Patrick Wiercioch        Ryan Pulock              40     1   2  2  

Penalty Kill - 3 Players Forward 
   Forward                                           Time % Phy DF OF 
 1 Brendan Woods                                     60     1   2  2  
 2 Riley Armstrong                                   40     1   2  2  

Penalty Kill - 3 Players Defense
   Defense                  Defense                  Time % Phy DF OF 
 1 Ian McCoshen             Phil Oreskovic           60     1   2  2  
 2 Patrick Wiercioch        Ryan Pulock              40     1   2  2  

4 vs 4 Forward 
   Center                   Wing                     Time % Phy DF OF 
 1 Riley Armstrong          Tyler Pitlick            60     1   2  2  
 2 Vladislav Namestnikov    Brendan Woods            40     1   2  2  

4 vs 4 Defense
   Defense                  Defense                  Time % Phy DF OF 
 1 Marcus Pettersson        Phil Oreskovic           60     1   2  2  
 2 Patrick Wiercioch        Ryan Pulock              40     1   2  2  

Last Minutes Offensive
   Center                   Left Wing                Right Wing               Defense                  Defense                  
   Riley Armstrong          Tyler Pitlick            Adam Gaudette            Marcus Pettersson        Danny Kristo             

Last Minutes Defensive
   Center                   Left Wing                Right Wing               Defense                  Defense                  
   Riley Armstrong          Brendan Woods            Danny Kristo             Marcus Pettersson        Phil Oreskovic           

Goaltenders
Starting : Olivier Roy              
Backup : Adam Werner              

Extra Forwards
Normal : Brendan Woods, Lucas Lessio, Garrett Wilson - PP : Brendan Woods, Lucas Lessio - PK : Brendan Woods
Extra Defensemen
Normal : Ryan Pulock, Ian McCoshen, Ryan Lindgren - PP : Ryan Pulock - PK : Ryan Pulock, Ian McCoshen
Penalty Shots
Adam Gaudette, Sonny Milano, Danny Kristo, Vladislav Namestnikov, Troy Terry

Scratches
Jack Ramsey (Healthy), Jordan Weal (Healthy), Konrad Abeltshauser (Healthy), Martin Frk (Healthy), Michael Bunting (Healthy)
Nikita Pavlychev (Healthy), Ryan Mantha (Healthy), Tanner Kero (Healthy), Tomas Hyka (Healthy), Marcus Hogberg (Healthy)
Philippe Desrosiers (Healthy)

Rampage

5 vs 5 Forward 
   Center                   Left Wing                Right Wing               Time % Phy DF OF 
 1 Jack Roslovic            Brendan Lemieux          Petr Straka              40     1   2  2  
 2 T.J. Tynan               Ryan Lomberg             Denis Gurianov           30     1   2  2  
 3 Jean-Sebastien Dea       Jordan Greenway          Mathieu Joseph           20     1   2  2  
 4 Dylan Gambrell           Artturi Lehkonen         Dylan Sikura             10     1   2  2  

5 vs 5 Defense 
   Defense                  Defense                                           Time % Phy DF OF 
 1 Kevan Miller             Tony DeAngelo                                     40     1   2  2  
 2 Nikita Nesterov          Ethan Bear                                        30     1   2  2  
 3 Adam Clendening          Collin Miller                                     20     1   2  2  
 4 Kevan Miller             Adam Clendening                                   10     1   2  2  

PowerPlay Forward 
   Center                   Left Wing                Right Wing               Time % Phy DF OF 
 1 Jack Roslovic            Brendan Lemieux          Dylan Sikura             60     1   2  2  
 2 Jean-Sebastien Dea       Ryan Lomberg             Denis Gurianov           40     1   2  2  

PowerPlay Defense
   Defense                  Defense                                           Time % Phy DF OF 
 1 Ethan Bear               Tony DeAngelo                                     60     1   2  2  
 2 Kevan Miller             Collin Miller                                     40     1   2  2  

Penalty Kill 4 Players Forward 
   Center                   Wing                     Time % Phy DF OF 
 1 Jack Roslovic            Brendan Lemieux          60     1   2  2  
 2 T.J. Tynan               Mathieu Joseph           40     1   2  2  

Penalty Kill 4 Players Defense
   Defense                  Defense                  Time % Phy DF OF 
 1 Tony DeAngelo            Nikita Nesterov          60     1   2  2  
 2 Collin Miller            Adam Clendening          40     1   2  2  

Penalty Kill - 3 Players Forward 
   Forward                                           Time % Phy DF OF 
 1 T.J. Tynan                                        60     1   2  2  
 2 Jack Roslovic                                     40     1   2  2  

Penalty Kill - 3 Players Defense
   Defense                  Defense                  Time % Phy DF OF 
 1 Nikita Nesterov          Tony DeAngelo            60     1   2  2  
 2 Collin Miller            Adam Clendening          40     1   2  2  

4 vs 4 Forward 
   Center                   Wing                     Time % Phy DF OF 
 1 Jean-Sebastien Dea       Petr Straka              60     1   2  2  
 2 T.J. Tynan               Mathieu Joseph           40     1   2  2  

4 vs 4 Defense
   Defense                  Defense                  Time % Phy DF OF 
 1 Kevan Miller             Tony DeAngelo            60     1   2  2  
 2 Collin Miller            Nikita Nesterov          40     1   2  2  

Last Minutes Offensive
   Center                   Left Wing                Right Wing               Defense                  Defense                  
   Jack Roslovic            Brendan Lemieux          Petr Straka              Ethan Bear               Tony DeAngelo            

Last Minutes Defensive
   Center                   Left Wing                Right Wing               Defense                  Defense                  
   T.J. Tynan               Brendan Lemieux          Mathieu Joseph           Adam Clendening          Collin Miller            

Goaltenders
Starting : Brandon Halverson        
Backup : Elvis Merzlikins         

Extra Forwards
Normal : Denis Gurianov, Jean-Sebastien Dea, Jordan Greenway - PP : Denis Gurianov, Jean-Sebastien Dea - PK : Jordan Greenway
Extra Defensemen
Normal : Ethan Bear, Nikita Nesterov, Collin Miller - PP : Ethan Bear - PK : Nikita Nesterov, Collin Miller
Penalty Shots
Jack Roslovic, Petr Straka, T.J. Tynan, Jean-Sebastien Dea, Dylan Sikura

Scratches
Colton Sceviour (Healthy), Jacob De La Rose (Sports Hernia Injury), Roland McKeown (Abdomen/Ribs Injury), Scott Wilson (Healthy), Timo Meier (Bruised Right Shoulder Injury)
Eamon McAdam (Healthy)

% Time on Ice - Griffins

Lines # - Real PCT - Wanted PCT - Time Play
Normal Forward
1 - 32% - 37% - 16:52
2 - 28% - 33% - 14:51
3 - 21% - 20% - 11:04
4 - 19% - 10% - 10:15
Normal Defense
1 - 41% - 40% - 21:40
2 - 30% - 30% - 15:52
3 - 20% - 20% - 10:45
4 - 9% - 10% - 4:45
PP Forward
1 - 55% - 55% - 2:16
2 - 45% - 45% - 1:51
PP Defense
1 - 60% - 55% - 2:29
2 - 40% - 45% - 1:38
PK Forward
1 - 100% - 60% - 0:40
2 - 0% - 40% - 0:00
PK Defense
1 - 100% - 60% - 0:40
2 - 0% - 40% - 0:00
PK3 Forward
1 - 0% - 60%
2 - 0% - 40%
PK3 Defense
1 - 0% - 60%
2 - 0% - 40%
44 Forward
1 - 85% - 60% - 1:51
2 - 15% - 40% - 0:20
44 Defense
1 - 75% - 60% - 1:38
2 - 25% - 40% - 0:33
Last Minute Offensive  - 0:00
Last Minute Defensive  - 0:00
Total
Forward - 60:00
Defense - 60:00

% Time on Ice - Rampage

Lines # - Real PCT - Wanted PCT - Time Play
Normal Forward
1 - 36% - 40% - 18:53
2 - 27% - 30% - 14:32
3 - 20% - 20% - 10:32
4 - 17% - 10% - 9:05
Normal Defense
1 - 41% - 40% - 21:40
2 - 30% - 30% - 16:10
3 - 21% - 20% - 11:15
4 - 7% - 10% - 3:57
PP Forward
1 - 68% - 60% - 0:27
2 - 33% - 40% - 0:13
PP Defense
1 - 58% - 60% - 0:23
2 - 43% - 40% - 0:17
PK Forward
1 - 85% - 60% - 3:31
2 - 15% - 40% - 0:36
PK Defense
1 - 66% - 60% - 2:43
2 - 34% - 40% - 1:24
PK3 Forward
1 - 0% - 60%
2 - 0% - 40%
PK3 Defense
1 - 0% - 60%
2 - 0% - 40%
44 Forward
1 - 85% - 60% - 1:52
2 - 15% - 40% - 0:19
44 Defense
1 - 68% - 60% - 1:29
2 - 32% - 40% - 0:42
Last Minute Offensive  - 0:00
Last Minute Defensive  - 0:00
Total
Forward - 60:00
Defense - 60:00

Play-by-Play

1st period


0:01 of 1st period - Riley Armstrong wins face-off versus Jack Roslovic in neutral zone.
0:26 of 1st period - Marcus Pettersson is hit by T.J. Tynan and loses puck.
1:37 of 1st period - Slapshot by Petr Straka.
1:37 of 1st period - Shot Misses the Net.
1:39 of 1st period - Snap shot by Petr Straka.
1:39 of 1st period - Deflect By Jack Roslovic.
1:39 of 1st period - Stopped by Olivier Roy with a rebound.
2:53 of 1st period - Snap shot by Sonny Milano.
2:53 of 1st period - Deflect By Vladislav Namestnikov.
2:53 of 1st period - Stopped by Brandon Halverson with a rebound.
2:55 of 1st period - Snap shot by Sonny Milano.
2:55 of 1st period - Shot Misses the Net.
2:57 of 1st period - Slapshot by Garrett Wilson.
2:57 of 1st period - Shot Hit the Post.
3:12 of 1st period - Snap shot by Jean-Sebastien Dea.
3:12 of 1st period - Shot Blocked by Patrick Wiercioch.
3:16 of 1st period - Snap shot by Jordan Greenway.
3:16 of 1st period - Shot Blocked by Patrick Wiercioch.
3:18 of 1st period - Wrist shot by Mathieu Joseph.
3:18 of 1st period - Stopped by Olivier Roy without a rebound.
3:19 of 1st period - Mathew Barzal wins face-off versus Petr Straka in Griffins zone.
3:46 of 1st period - T.J. Tynan is hit by Garrett Wilson and loses puck.
3:55 of 1st period - Sonny Milano is hit by Adam Clendening and loses puck.
4:02 of 1st period - T.J. Tynan is hit by Garrett Wilson and loses puck.
4:13 of 1st period - Ryan Pulock is hit by Kevan Miller and loses puck.
4:59 of 1st period - Snap shot by Danny Kristo.
4:59 of 1st period - Shot Misses the Net.
5:01 of 1st period - Snap shot by Brendan Woods.
5:01 of 1st period - Deflect By Danny Kristo.
5:01 of 1st period - Shot Misses the Net.
5:01 of 1st period - Puck is out of play.
5:02 of 1st period - Mathew Barzal wins face-off versus T.J. Tynan in Rampage zone.
5:07 of 1st period - Snap shot by Brendan Woods.
5:07 of 1st period - Stopped by Brandon Halverson with a rebound.
5:09 of 1st period - Slapshot by Ryan Lindgren.
5:09 of 1st period - Shot Misses the Net.
5:17 of 1st period - Slapshot by Danny Kristo.
5:17 of 1st period - Shot Blocked by Tony DeAngelo.
6:49 of 1st period - Ethan Bear is hit by Troy Terry and loses puck.
7:12 of 1st period - Slapshot by T.J. Tynan.
7:12 of 1st period - Stopped by Olivier Roy with a rebound.
7:14 of 1st period - Wrist shot by Nikita Nesterov.
7:14 of 1st period - Shot Blocked by Troy Terry.
7:16 of 1st period - Slapshot by Nikita Nesterov.
7:16 of 1st period - Shot Misses the Net.
7:20 of 1st period - Wrist shot by Ryan Lomberg.
7:20 of 1st period - Shot Hit the Post.
7:22 of 1st period - Snap shot by Ryan Lomberg.
7:22 of 1st period - Shot Blocked by Marcus Pettersson.
7:24 of 1st period - Slapshot by Ethan Bear.
7:24 of 1st period - Stopped by Olivier Roy without a rebound.
7:25 of 1st period - Adam Gaudette wins face-off versus Jack Roslovic in Griffins zone.
7:38 of 1st period - Wrist shot by Adam Gaudette.
7:38 of 1st period - Shot Blocked by Tony DeAngelo.
7:40 of 1st period - Slapshot by Ryan Pulock.
7:40 of 1st period - Shot Blocked by Brendan Lemieux.
7:50 of 1st period - Brendan Woods is hit by Mathieu Joseph and loses puck.
8:01 of 1st period - Wrist shot by Jean-Sebastien Dea.
8:01 of 1st period - Stopped by Olivier Roy with a rebound.
8:19 of 1st period - Ryan Lindgren is hit by Dylan Gambrell and loses puck.
8:34 of 1st period - Riley Armstrong is hit by Brendan Lemieux and loses puck.
8:55 of 1st period - Brendan Woods is hit by Artturi Lehkonen and loses puck.
9:12 of 1st period - Wrist shot by Garrett Wilson.
9:12 of 1st period - Shot Misses the Net.
9:22 of 1st period - Garrett Wilson is hit by Mathieu Joseph and loses puck.
9:37 of 1st period - Wrist shot by Lucas Lessio.
9:37 of 1st period - Stopped by Brandon Halverson with a rebound.
9:39 of 1st period - Slapshot by Patrick Wiercioch.
9:39 of 1st period - Stopped by Brandon Halverson with a rebound.
9:41 of 1st period - Snap shot by Adam Gaudette.
9:41 of 1st period - Stopped by Brandon Halverson with a rebound.
9:43 of 1st period - Wrist shot by Marcus Pettersson.
9:43 of 1st period - Shot Misses the Net.
9:45 of 1st period - Wrist shot by Riley Armstrong.
9:45 of 1st period - Shot Blocked by Kevan Miller.
9:47 of 1st period - Wrist shot by Adam Gaudette.
9:47 of 1st period - Stopped by Brandon Halverson without a rebound.
9:48 of 1st period - Jack Roslovic wins face-off versus Mathew Barzal in Rampage zone.
10:01 of 1st period - Snap shot by Mathew Barzal.
10:01 of 1st period - Deflect By Brendan Woods.
10:01 of 1st period - Deflect By Brendan Lemieux.
10:01 of 1st period - Shot Blocked by Collin Miller.
10:01 of 1st period - Puck is out of play.
10:02 of 1st period - Jack Roslovic wins face-off versus Lucas Lessio in Rampage zone.
10:14 of 1st period - Icing by Marcus Pettersson.
10:15 of 1st period - Riley Armstrong wins face-off versus Jack Roslovic in Griffins zone.
10:32 of 1st period - Snap shot by Lucas Lessio.
10:32 of 1st period - Goal by Lucas Lessio - Griffins : 1 - Rampage : 0.
10:33 of 1st period - Mathew Barzal wins face-off versus Jack Roslovic in neutral zone.
10:38 of 1st period - Snap shot by Brendan Woods.
10:38 of 1st period - Shot Misses the Net.
11:00 of 1st period - Riley Armstrong is hit by Ryan Lomberg and loses puck.
11:25 of 1st period - Snap shot by Tyler Pitlick.
11:25 of 1st period - Goal by Tyler Pitlick - Griffins : 2 - Rampage : 0.
11:26 of 1st period - Mathew Barzal wins face-off versus Petr Straka in neutral zone.
11:29 of 1st period - Slapshot by Ryan Pulock.
11:29 of 1st period - Deflect By Brendan Lemieux.
11:29 of 1st period - Stopped by Brandon Halverson with a rebound.
12:04 of 1st period - Wrist shot by Denis Gurianov.
12:04 of 1st period - Shot Misses the Net.
12:26 of 1st period - Wrist shot by Tyler Pitlick.
12:26 of 1st period - Stopped by Brandon Halverson with a rebound.
12:43 of 1st period - Icing by Artturi Lehkonen.
12:44 of 1st period - Dylan Gambrell wins face-off versus Mathew Barzal in Rampage zone.
12:55 of 1st period - Ethan Bear is hit by Mathew Barzal and loses puck.
13:10 of 1st period - Wrist shot by Brendan Lemieux.
13:10 of 1st period - Stopped by Olivier Roy without a rebound.
13:11 of 1st period - Jack Roslovic wins face-off versus Riley Armstrong in Griffins zone.
13:30 of 1st period - Icing by Petr Straka.
13:31 of 1st period - Mathew Barzal wins face-off versus Jack Roslovic in Rampage zone.
13:46 of 1st period - Wrist shot by Marcus Pettersson.
13:46 of 1st period - Stopped by Brandon Halverson with a rebound.
13:56 of 1st period - Kevan Miller is hit by Garrett Wilson and loses puck.
14:07 of 1st period - Snap shot by Sonny Milano.
14:07 of 1st period - Stopped by Brandon Halverson with a rebound.
14:25 of 1st period - Snap shot by Petr Straka.
14:25 of 1st period - Shot Misses the Net.
14:27 of 1st period - Wrist shot by Brendan Lemieux.
14:27 of 1st period - Goal by Brendan Lemieux - Griffins : 2 - Rampage : 1.
14:28 of 1st period - Riley Armstrong wins face-off versus T.J. Tynan in neutral zone.
14:39 of 1st period - Snap shot by Riley Armstrong.
14:39 of 1st period - Goal by Riley Armstrong - Griffins : 3 - Rampage : 1.
14:40 of 1st period - Riley Armstrong wins face-off versus T.J. Tynan in neutral zone.
14:48 of 1st period - Snap shot by Ryan Lomberg.
14:48 of 1st period - Stopped by Olivier Roy with a rebound.
14:50 of 1st period - Wrist shot by Ryan Lomberg.
14:50 of 1st period - Shot Misses the Net.
14:52 of 1st period - Snap shot by Tony DeAngelo.
14:52 of 1st period - Shot Blocked by Patrick Wiercioch.
14:54 of 1st period - Snap shot by Ryan Lomberg.
14:54 of 1st period - Shot Blocked by Riley Armstrong.
16:15 of 1st period - Wrist shot by T.J. Tynan.
16:15 of 1st period - Stopped by Olivier Roy without a rebound.
16:16 of 1st period - Ryan Lomberg wins face-off versus Mathew Barzal in Griffins zone.
16:17 of 1st period - Wrist shot by T.J. Tynan.
16:17 of 1st period - Stopped by Olivier Roy with a rebound.
17:01 of 1st period - Snap shot by Collin Miller.
17:01 of 1st period - Shot Blocked by Sonny Milano.
17:08 of 1st period - Snap shot by Jean-Sebastien Dea.
17:08 of 1st period - Stopped by Olivier Roy with a rebound.
17:10 of 1st period - Snap shot by Jordan Greenway.
17:10 of 1st period - Shot Misses the Net.
17:29 of 1st period - Off-side.
17:30 of 1st period - Dylan Gambrell wins face-off versus Greg McKegg in neutral zone.
19:01 of 1st period - Wrist shot by Dylan Sikura.
19:01 of 1st period - Shot Misses the Net.
Goals for this period are 3 for Griffins vs 1 for Rampage.
Shots for this period are 13 for Griffins vs 11 for Rampage.

2nd period


0:01 of 2nd period - Jack Roslovic wins face-off versus Mathew Barzal in neutral zone.
0:03 of 2nd period - Minor Penalty to Jack Roslovic for Charging.
0:04 of 2nd period - Riley Armstrong wins face-off versus Jordan Greenway in Rampage zone.
0:16 of 2nd period - Wrist shot by Riley Armstrong.
0:16 of 2nd period - Shot Misses the Net.
2:03 of 2nd period - Penalty to Jack Roslovic is over, Jack Roslovic is back on ice.
2:12 of 2nd period - Snap shot by Kevan Miller.
2:12 of 2nd period - Deflect By Brendan Lemieux.
2:12 of 2nd period - Stopped by Olivier Roy with a rebound.
2:14 of 2nd period - Wrist shot by Kevan Miller.
2:14 of 2nd period - Stopped by Olivier Roy without a rebound.
2:15 of 2nd period - T.J. Tynan wins face-off versus Vladislav Namestnikov in Griffins zone.
2:28 of 2nd period - Snap shot by Greg McKegg.
2:28 of 2nd period - Shot Blocked by Adam Clendening.
2:56 of 2nd period - Snap shot by Jordan Greenway.
2:56 of 2nd period - Shot Hit the Post.
3:10 of 2nd period - Wrist shot by Danny Kristo.
3:10 of 2nd period - Stopped by Brandon Halverson without a rebound.
3:11 of 2nd period - Jack Roslovic wins face-off versus Mathew Barzal in Rampage zone.
3:25 of 2nd period - Snap shot by Danny Kristo.
3:25 of 2nd period - Stopped by Brandon Halverson without a rebound.
3:26 of 2nd period - T.J. Tynan wins face-off versus Riley Armstrong in Rampage zone.
3:26 of 2nd period - Denis Gurianov is hit by Riley Armstrong and loses puck.
3:39 of 2nd period - Wrist shot by Adam Gaudette.
3:39 of 2nd period - Stopped by Brandon Halverson with a rebound.
3:41 of 2nd period - Wrist shot by Adam Gaudette.
3:41 of 2nd period - Shot Blocked by Nikita Nesterov.
3:51 of 2nd period - Patrick Wiercioch is hit by Petr Straka and loses puck.
3:58 of 2nd period - Wrist shot by Petr Straka.
3:58 of 2nd period - Shot Blocked by Marcus Pettersson.
4:00 of 2nd period - Snap shot by Brendan Lemieux.
4:00 of 2nd period - Stopped by Olivier Roy with a rebound.
4:02 of 2nd period - Slapshot by Jack Roslovic.
4:02 of 2nd period - Shot Blocked by Patrick Wiercioch.
4:34 of 2nd period - Tony DeAngelo is hit by Adam Gaudette and loses puck.
4:53 of 2nd period - Snap shot by Kevan Miller.
4:53 of 2nd period - Shot Blocked by Tyler Pitlick.
4:55 of 2nd period - Slapshot by T.J. Tynan.
4:55 of 2nd period - Stopped by Olivier Roy without a rebound.
4:56 of 2nd period - Greg McKegg wins face-off versus T.J. Tynan in Griffins zone.
5:03 of 2nd period - Slapshot by Greg McKegg.
5:03 of 2nd period - Shot Misses the Net.
5:05 of 2nd period - Wrist shot by Tyler Pitlick.
5:05 of 2nd period - Shot Misses the Net.
5:33 of 2nd period - Wrist shot by Greg McKegg.
5:33 of 2nd period - Stopped by Brandon Halverson with a rebound.
5:35 of 2nd period - Slapshot by Filip Hronek.
5:35 of 2nd period - Shot Blocked by Ethan Bear.
5:45 of 2nd period - Wrist shot by Troy Terry.
5:45 of 2nd period - Deflect By Nikita Nesterov.
5:45 of 2nd period - Shot Misses the Net.
5:45 of 2nd period - Puck is out of play.
5:46 of 2nd period - Riley Armstrong wins face-off versus Jack Roslovic in Rampage zone.
5:49 of 2nd period - Snap shot by Lucas Lessio.
5:49 of 2nd period - Stopped by Brandon Halverson without a rebound.
5:50 of 2nd period - Jack Roslovic wins face-off versus Riley Armstrong in Rampage zone.
6:15 of 2nd period - Wrist shot by Jean-Sebastien Dea.
6:15 of 2nd period - Shot Misses the Net.
6:21 of 2nd period - Wrist shot by Mathieu Joseph.
6:21 of 2nd period - Stopped by Olivier Roy without a rebound.
6:22 of 2nd period - Jean-Sebastien Dea wins face-off versus Mathew Barzal in Griffins zone.
6:33 of 2nd period - Snap shot by Brendan Woods.
6:33 of 2nd period - Shot Misses the Net.
6:47 of 2nd period - Snap shot by Adam Gaudette.
6:47 of 2nd period - Stopped by Brandon Halverson without a rebound.
6:48 of 2nd period - Petr Straka wins face-off versus Riley Armstrong in Rampage zone.
7:41 of 2nd period - Snap shot by Mathieu Joseph.
7:41 of 2nd period - Stopped by Olivier Roy with a rebound.
8:09 of 2nd period - Minor Penalty to Nikita Nesterov for Roughing.
8:10 of 2nd period - Riley Armstrong wins face-off versus Jack Roslovic in Rampage zone.
10:09 of 2nd period - Penalty to Nikita Nesterov is over, Nikita Nesterov is back on ice.
10:20 of 2nd period - Artturi Lehkonen is hit by Garrett Wilson and loses puck.
10:39 of 2nd period - Kevan Miller is hit by Troy Terry and loses puck.
12:00 of 2nd period - Icing by Mathieu Joseph.
12:01 of 2nd period - Riley Armstrong wins face-off versus Jean-Sebastien Dea in Rampage zone.
12:48 of 2nd period - Collin Miller is hit by Phil Oreskovic and loses puck.
13:05 of 2nd period - Snap shot by Danny Kristo.
13:05 of 2nd period - Shot Misses the Net.
13:23 of 2nd period - Snap shot by Brendan Lemieux.
13:23 of 2nd period - Stopped by Olivier Roy with a rebound.
13:25 of 2nd period - Wrist shot by Petr Straka.
13:25 of 2nd period - Deflect By Jack Roslovic.
13:25 of 2nd period - Shot Blocked by Greg McKegg.
13:25 of 2nd period - Puck is out of play.
13:26 of 2nd period - Riley Armstrong wins face-off versus Jack Roslovic in Griffins zone.
13:26 of 2nd period - Marcus Pettersson is hit by Brendan Lemieux and loses puck.
13:27 of 2nd period - Marcus Pettersson from Griffins is injured at 13:27 of 2nd period (Right Hip).
13:28 of 2nd period - Riley Armstrong wins face-off versus Jack Roslovic in Griffins zone.
13:28 of 2nd period - Riley Armstrong is hit by Jack Roslovic.
13:41 of 2nd period - Ryan Pulock is hit by Brendan Lemieux and loses puck.
13:54 of 2nd period - Ethan Bear is hit by Danny Kristo and loses puck.
14:07 of 2nd period - T.J. Tynan is hit by Mathew Barzal and loses puck.
14:42 of 2nd period - Snap shot by Adam Gaudette.
14:42 of 2nd period - Stopped by Brandon Halverson without a rebound.
14:43 of 2nd period - Riley Armstrong wins face-off versus Jack Roslovic in Rampage zone.
14:44 of 2nd period - Snap shot by Adam Gaudette.
14:44 of 2nd period - Goal by Adam Gaudette - Griffins : 4 - Rampage : 1.
14:45 of 2nd period - Riley Armstrong wins face-off versus Jack Roslovic in neutral zone.
15:11 of 2nd period - Mathew Barzal is hit by T.J. Tynan and loses puck.
15:20 of 2nd period - Wrist shot by T.J. Tynan.
15:20 of 2nd period - Stopped by Olivier Roy with a rebound.
15:22 of 2nd period - Slapshot by Nikita Nesterov.
15:22 of 2nd period - Stopped by Olivier Roy without a rebound.
15:23 of 2nd period - Riley Armstrong wins face-off versus Jean-Sebastien Dea in Griffins zone.
15:35 of 2nd period - Penalty Shot by Adam Gaudette for Griffins.
15:35 of 2nd period - Wrist shot by Adam Gaudette.
15:35 of 2nd period - Goal by Adam Gaudette - Griffins : 5 - Rampage : 1.
15:35 of 2nd period - Elvis Merzlikins enters game.
15:36 of 2nd period - Lucas Lessio wins face-off versus Jack Roslovic in neutral zone.
15:37 of 2nd period - Jack Roslovic wins face-off versus Riley Armstrong in Griffins zone.
16:27 of 2nd period - Wrist shot by Tyler Pitlick.
16:27 of 2nd period - Stopped by Elvis Merzlikins with a rebound.
16:29 of 2nd period - Snap shot by Tyler Pitlick.
16:29 of 2nd period - Shot Misses the Net.
16:31 of 2nd period - Wrist shot by Troy Terry.
16:31 of 2nd period - Stopped by Elvis Merzlikins without a rebound.
16:32 of 2nd period - Troy Terry wins face-off versus Jean-Sebastien Dea in Rampage zone.
16:58 of 2nd period - Backhand shot by Jordan Greenway.
16:58 of 2nd period - Stopped by Olivier Roy without a rebound.
16:59 of 2nd period - Riley Armstrong wins face-off versus Jack Roslovic in Griffins zone.
17:06 of 2nd period - Lucas Lessio is hit by Jack Roslovic and loses puck.
17:25 of 2nd period - T.J. Tynan is hit by Mathew Barzal and loses puck.
17:32 of 2nd period - Wrist shot by Brendan Woods.
17:32 of 2nd period - Shot Misses the Net.
17:51 of 2nd period - Icing by Ian McCoshen.
17:52 of 2nd period - Vladislav Namestnikov wins face-off versus Jean-Sebastien Dea in Griffins zone.
18:13 of 2nd period - Backhand shot by Jean-Sebastien Dea.
18:13 of 2nd period - Stopped by Olivier Roy without a rebound.
18:14 of 2nd period - Riley Armstrong wins face-off versus Petr Straka in Griffins zone.
18:22 of 2nd period - Snap shot by Lucas Lessio.
18:22 of 2nd period - Deflect By Riley Armstrong.
18:22 of 2nd period - Shot Blocked by Brendan Lemieux.
18:22 of 2nd period - Puck is out of play.
18:23 of 2nd period - Jack Roslovic wins face-off versus Riley Armstrong in Rampage zone.
18:23 of 2nd period - Jack Roslovic is hit by Patrick Wiercioch.
18:33 of 2nd period - Slapshot by Nikita Nesterov.
18:33 of 2nd period - Shot Misses the Net.
18:55 of 2nd period - Slapshot by Lucas Lessio.
18:55 of 2nd period - Stopped by Elvis Merzlikins with a rebound.
18:57 of 2nd period - Snap shot by Adam Gaudette.
18:57 of 2nd period - Goal by Adam Gaudette - Griffins : 6 - Rampage : 1.
18:58 of 2nd period - Mathew Barzal wins face-off versus T.J. Tynan in neutral zone.
19:56 of 2nd period - Slapshot by Garrett Wilson.
19:56 of 2nd period - Shot Misses the Net.
Goals for this period are 3 for Griffins vs 0 for Rampage.
Shots for this period are 12 for Griffins vs 11 for Rampage.

3rd period


0:01 of 3rd period - Jack Roslovic wins face-off versus Riley Armstrong in neutral zone.
0:06 of 3rd period - Wrist shot by Brendan Lemieux.
0:06 of 3rd period - Stopped by Olivier Roy without a rebound.
0:07 of 3rd period - Riley Armstrong wins face-off versus Jack Roslovic in Griffins zone.
0:52 of 3rd period - Kevan Miller is hit by Vladislav Namestnikov and loses puck.
1:35 of 3rd period - Slapshot by Mathew Barzal.
1:35 of 3rd period - Shot Misses the Net.
1:37 of 3rd period - Slapshot by Brendan Woods.
1:37 of 3rd period - Shot Misses the Net.
1:39 of 3rd period - Backhand shot by Danny Kristo.
1:39 of 3rd period - Shot Misses the Net.
1:41 of 3rd period - Backhand shot by Danny Kristo.
1:41 of 3rd period - Deflect By Brendan Woods.
1:41 of 3rd period - Shot Misses the Net.
1:41 of 3rd period - Puck is out of play.
1:42 of 3rd period - Mathew Barzal wins face-off versus T.J. Tynan in Rampage zone.
2:36 of 3rd period - Snap shot by Tony DeAngelo.
2:36 of 3rd period - Stopped by Olivier Roy without a rebound.
2:37 of 3rd period - T.J. Tynan wins face-off versus Mathew Barzal in Griffins zone.
2:38 of 3rd period - Slapshot by Denis Gurianov.
2:38 of 3rd period - Shot Misses the Net.
3:04 of 3rd period - Petr Straka is hit by Adam Gaudette and loses puck.
3:48 of 3rd period - Tyler Pitlick is hit by Ryan Lomberg and loses puck.
3:57 of 3rd period - Snap shot by Ryan Lomberg.
3:57 of 3rd period - Stopped by Olivier Roy without a rebound.
3:58 of 3rd period - Mathew Barzal wins face-off versus Jack Roslovic in Griffins zone.
4:05 of 3rd period - Slapshot by Patrick Wiercioch.
4:05 of 3rd period - Deflect By Brendan Woods.
4:05 of 3rd period - Shot Blocked by Adam Clendening.
4:05 of 3rd period - Puck is out of play.
4:06 of 3rd period - Jack Roslovic wins face-off versus Mathew Barzal in Rampage zone.
4:18 of 3rd period - Snap shot by Danny Kristo.
4:18 of 3rd period - Stopped by Elvis Merzlikins with a rebound.
4:20 of 3rd period - Backhand shot by Mathew Barzal.
4:20 of 3rd period - Stopped by Elvis Merzlikins without a rebound.
4:21 of 3rd period - T.J. Tynan wins face-off versus Adam Gaudette in Rampage zone.
4:21 of 3rd period - T.J. Tynan is hit by Phil Oreskovic.
4:57 of 3rd period - Slapshot by Jack Roslovic.
4:57 of 3rd period - Shot Misses the Net.
4:59 of 3rd period - Minor Penalty to Garrett Wilson for Hooking.
5:00 of 3rd period - Brendan Woods wins face-off versus Jack Roslovic in Griffins zone.
5:06 of 3rd period - Minor Penalty to Dylan Sikura for Hooking.
5:07 of 3rd period - Jean-Sebastien Dea wins face-off versus Riley Armstrong in Rampage zone.
5:10 of 3rd period - Off-side.
5:11 of 3rd period - Jean-Sebastien Dea wins face-off versus Riley Armstrong in neutral zone.
5:18 of 3rd period - Snap shot by Riley Armstrong.
5:18 of 3rd period - Stopped by Elvis Merzlikins without a rebound.
5:19 of 3rd period - Riley Armstrong wins face-off versus Jean-Sebastien Dea in Rampage zone.
6:55 of 3rd period - Icing by Riley Armstrong.
6:56 of 3rd period - Denis Gurianov wins face-off versus Greg McKegg in Griffins zone.
6:59 of 3rd period - Penalty to Garrett Wilson is over, Garrett Wilson is back on ice.
7:06 of 3rd period - Penalty to Dylan Sikura is over, Dylan Sikura is back on ice.
7:17 of 3rd period - Snap shot by Dylan Sikura.
7:17 of 3rd period - Stopped by Olivier Roy with a rebound.
7:23 of 3rd period - Wrist shot by Dylan Sikura.
7:23 of 3rd period - Shot Misses the Net.
7:33 of 3rd period - Snap shot by Dylan Sikura.
7:33 of 3rd period - Deflect By Denis Gurianov.
7:33 of 3rd period - Shot Blocked by Brendan Woods.
7:33 of 3rd period - Puck is out of play.
7:34 of 3rd period - Jack Roslovic wins face-off versus Riley Armstrong in Griffins zone.
7:39 of 3rd period - Wrist shot by Jack Roslovic.
7:39 of 3rd period - Stopped by Olivier Roy without a rebound.
7:40 of 3rd period - Riley Armstrong wins face-off versus Jack Roslovic in Griffins zone.
8:12 of 3rd period - Snap shot by Garrett Wilson.
8:12 of 3rd period - Shot Blocked by Nikita Nesterov.
8:30 of 3rd period - Snap shot by Danny Kristo.
8:30 of 3rd period - Stopped by Elvis Merzlikins without a rebound.
8:31 of 3rd period - Mathew Barzal wins face-off versus Petr Straka in Rampage zone.
8:36 of 3rd period - Slapshot by Mathew Barzal.
8:36 of 3rd period - Stopped by Elvis Merzlikins with a rebound.
8:42 of 3rd period - Snap shot by Brendan Lemieux.
8:42 of 3rd period - Shot Blocked by Brendan Woods.
8:44 of 3rd period - Snap shot by Tony DeAngelo.
8:44 of 3rd period - Shot Blocked by Filip Hronek.
8:46 of 3rd period - Snap shot by Brendan Lemieux.
8:46 of 3rd period - Shot Misses the Net.
9:21 of 3rd period - Dylan Gambrell is hit by Lucas Lessio and loses puck.
9:26 of 3rd period - Snap shot by Adam Gaudette.
9:26 of 3rd period - Stopped by Elvis Merzlikins without a rebound.
9:27 of 3rd period - Mathew Barzal wins face-off versus Jack Roslovic in Rampage zone.
10:36 of 3rd period - Wrist shot by Artturi Lehkonen.
10:36 of 3rd period - Stopped by Olivier Roy without a rebound.
10:37 of 3rd period - Mathew Barzal wins face-off versus Jack Roslovic in Griffins zone.
11:23 of 3rd period - Wrist shot by Dylan Gambrell.
11:23 of 3rd period - Stopped by Olivier Roy without a rebound.
11:24 of 3rd period - Dylan Gambrell wins face-off versus Vladislav Namestnikov in Griffins zone.
11:38 of 3rd period - Icing by Filip Hronek.
11:39 of 3rd period - Jack Roslovic wins face-off versus Vladislav Namestnikov in Griffins zone.
11:48 of 3rd period - Slapshot by Ian McCoshen.
11:48 of 3rd period - Shot Blocked by Petr Straka.
11:50 of 3rd period - Snap shot by Garrett Wilson.
11:50 of 3rd period - Shot Blocked by Jack Roslovic.
12:28 of 3rd period - Snap shot by Jack Roslovic.
12:28 of 3rd period - Shot Misses the Net.
12:33 of 3rd period - Off-side.
12:34 of 3rd period - T.J. Tynan wins face-off versus Mathew Barzal in neutral zone.
12:36 of 3rd period - Off-side.
12:37 of 3rd period - T.J. Tynan wins face-off versus Mathew Barzal in neutral zone.
13:35 of 3rd period - Icing by Adam Gaudette.
13:36 of 3rd period - Riley Armstrong wins face-off versus Jack Roslovic in Griffins zone.
14:31 of 3rd period - Dylan Sikura is hit by Phil Oreskovic and loses puck.
14:42 of 3rd period - Slapshot by Dylan Gambrell.
14:42 of 3rd period - Shot Blocked by Phil Oreskovic.
15:30 of 3rd period - Slapshot by Collin Miller.
15:30 of 3rd period - Shot Blocked by Ian McCoshen.
15:32 of 3rd period - Wrist shot by Jordan Greenway.
15:32 of 3rd period - Shot Misses the Net.
15:34 of 3rd period - Slapshot by Collin Miller.
15:34 of 3rd period - Stopped by Olivier Roy with a rebound.
15:36 of 3rd period - Slapshot by Collin Miller.
15:36 of 3rd period - Stopped by Olivier Roy without a rebound.
15:37 of 3rd period - Mathew Barzal wins face-off versus Jordan Greenway in Griffins zone.
15:37 of 3rd period - Mathew Barzal is hit by Ethan Bear.
15:43 of 3rd period - Jordan Greenway is hit by Brendan Woods and loses puck.
16:11 of 3rd period - Snap shot by Mathieu Joseph.
16:11 of 3rd period - Stopped by Olivier Roy without a rebound.
16:12 of 3rd period - Jack Roslovic wins face-off versus Riley Armstrong in Griffins zone.
16:14 of 3rd period - Minor Penalty to Brendan Lemieux for Hooking.
16:15 of 3rd period - Riley Armstrong wins face-off versus Jack Roslovic in Rampage zone.
16:16 of 3rd period - Wrist shot by Adam Gaudette.
16:16 of 3rd period - Goal by Adam Gaudette - Griffins : 7 - Rampage : 1.
16:17 of 3rd period - Riley Armstrong wins face-off versus Jack Roslovic in neutral zone.
16:24 of 3rd period - Riley Armstrong is hit by Brendan Lemieux and loses puck.
16:51 of 3rd period - Slapshot by Jack Roslovic.
16:51 of 3rd period - Stopped by Olivier Roy with a rebound.
16:53 of 3rd period - Backhand shot by Jack Roslovic.
16:53 of 3rd period - Stopped by Olivier Roy with a rebound.
16:55 of 3rd period - Snap shot by Petr Straka.
16:55 of 3rd period - Shot Misses the Net.
16:57 of 3rd period - Snap shot by Petr Straka.
16:57 of 3rd period - Shot Blocked by Filip Hronek.
16:59 of 3rd period - Slapshot by Tony DeAngelo.
16:59 of 3rd period - Deflect By Garrett Wilson.
16:59 of 3rd period - Stopped by Olivier Roy with a rebound.
17:01 of 3rd period - Wrist shot by Brendan Lemieux.
17:01 of 3rd period - Stopped by Olivier Roy without a rebound.
17:02 of 3rd period - Mathew Barzal wins face-off versus T.J. Tynan in Griffins zone.
17:17 of 3rd period - Snap shot by Brendan Woods.
17:17 of 3rd period - Deflect By Nikita Nesterov.
17:17 of 3rd period - Stopped by Elvis Merzlikins without a rebound.
17:18 of 3rd period - Riley Armstrong wins face-off versus Jean-Sebastien Dea in Rampage zone.
17:31 of 3rd period - Slapshot by Jordan Greenway.
17:31 of 3rd period - Shot Misses the Net.
17:33 of 3rd period - Slapshot by Adam Clendening.
17:33 of 3rd period - Stopped by Olivier Roy without a rebound.
17:34 of 3rd period - Mathew Barzal wins face-off versus Jack Roslovic in Griffins zone.
17:59 of 3rd period - Adam Gaudette is hit by T.J. Tynan and loses puck.
18:06 of 3rd period - Wrist shot by Ryan Pulock.
18:06 of 3rd period - Stopped by Elvis Merzlikins with a rebound.
18:08 of 3rd period - Slapshot by Ian McCoshen.
18:08 of 3rd period - Stopped by Elvis Merzlikins without a rebound.
18:09 of 3rd period - Mathew Barzal wins face-off versus Jack Roslovic in Rampage zone.
18:18 of 3rd period - Snap shot by Danny Kristo.
18:18 of 3rd period - Stopped by Elvis Merzlikins with a rebound.
18:20 of 3rd period - Snap shot by Filip Hronek.
18:20 of 3rd period - Stopped by Elvis Merzlikins without a rebound.
18:21 of 3rd period - Riley Armstrong wins face-off versus Jack Roslovic in Rampage zone.
18:26 of 3rd period - Slapshot by Riley Armstrong.
18:26 of 3rd period - Shot Misses the Net.
19:07 of 3rd period - Minor Penalty to Ian McCoshen for Interference.
19:08 of 3rd period - Riley Armstrong wins face-off versus Jack Roslovic in Griffins zone.
19:19 of 3rd period - Phil Oreskovic is hit by Tony DeAngelo and loses puck.
19:24 of 3rd period - Snap shot by Jack Roslovic.
19:24 of 3rd period - Stopped by Olivier Roy with a rebound.
19:40 of 3rd period - Minor Penalty to Kevan Miller for Hooking.
19:41 of 3rd period - Petr Straka wins face-off versus Tyler Pitlick in Rampage zone.
19:47 of 3rd period - Off-side.
19:48 of 3rd period - Petr Straka wins face-off versus Riley Armstrong in neutral zone.
19:51 of 3rd period - Slapshot by Tony DeAngelo.
19:51 of 3rd period - Stopped by Olivier Roy with a rebound.
19:53 of 3rd period - Slapshot by Tony DeAngelo.
19:53 of 3rd period - Deflect By Petr Straka.
19:53 of 3rd period - Stopped by Olivier Roy with a rebound.
19:55 of 3rd period - Snap shot by Jean-Sebastien Dea.
19:55 of 3rd period - Stopped by Olivier Roy without a rebound.
19:56 of 3rd period - Jean-Sebastien Dea wins face-off versus Riley Armstrong in Griffins zone.
19:57 of 3rd period - Wrist shot by Petr Straka.
19:57 of 3rd period - Stopped by Olivier Roy with a rebound.
19:59 of 3rd period - Wrist shot by Tony DeAngelo.
19:59 of 3rd period - Deflect By Petr Straka.
19:59 of 3rd period - Shot Misses the Net.
19:59 of 3rd period - Puck is out of play.
Goals for this period are 1 for Griffins vs 0 for Rampage.
Shots for this period are 12 for Griffins vs 20 for Rampage. Output by the SimonT Hockey Simulator (STHS) for Francois Prevost - Original Page W3C HTML5 Valid
Hockey Simulator - Hockey Simulation - Hockey Manager